 Dungeon Sprint DCSS version 0.21.1-1-g345015f (webtiles) character file.

0 Psiloshibe the Slasher (level 1, -1/28 HPs)
             Began as a Barachi Berserker on June 10, 2018.
             Was a Follower of Trog.
             Slain by an adder (2 damage)
             ... in the Dungeon (Sprint VI: "Thunderdome").
             The game lasted 00:00:45 (52 turns).

Psiloshibe the Slasher (Barachi Berserker)            Turns: 52, Time: 00:00:46

Health: -1/28      AC:  2    Str: 24    XL:     1   Next: 30%
Magic:  0/1        EV: 12    Int:  7    God:    Trog [*.....]
Gold:   65         SH:  0    Dex:  8    Spells: 0/0 levels left

rFire    + + +     SeeInvis .   a - +0 falchion
rCold    . . .     Gourm    .   (no shield)
rNeg     . . .     Faith    .   b - +0 animal skin
rPois    +         Spirit   +   (no helmet)
rElec    +         Reflect  .   (no cloak)
rCorr    .         Harm     .   (no gloves)
MR       ++...     NoTele   +   (no boots)
Stlth    ..........             p - amulet of Wuock {Spirit rPois Str+3}
HPRegen  0.09/turn              n - ring of Fimucvati {+Inv +Fly rF+++ MR+ Str-2}
MPRegen  0.07/turn              o - ring of Nuex {Wiz rElec MR+ Dex-3 Stlth+}

@: berserking, quick
A: +LOS, swims, slowness 1, strong legs 1
a: Hop, Berserk, Burn Spellbooks, Renounce Religion, Evoke Invisibility, Evoke
Flight


You were in the Dungeon.
You worshipped Trog.
Trog was aware of your devotion.
You were not hungry.

You visited 1 branch You collected 200 gold pieces.
You spent 135 gold pieces at shops.

Inventory:

Hand Weapons
 a - a +0 falchion (weapon)
Armour
 b - a +0 animal skin (worn)
Jewellery
 n - the ring of Fimucvati (left hand) {+Inv +Fly rF+++ MR+ Str-2}
   (You bought it in a shop in the Dungeon)

   [ring of protection from magic]

   It affects your strength (-2).
   It renders you almost immune to fire.
   It affects your resistance to hostile enchantments.
   It lets you turn invisible.
   It lets you fly.
 o - the ring of Nuex (right hand) {Wiz rElec MR+ Dex-3 Stlth+}
   (You bought it in a shop in the Dungeon)

   [ring of wizardry]

   It improves your spell success rate.
   It affects your dexterity (-3).
   It insulates you from electricity.
   It affects your resistance to hostile enchantments.
   It makes you more stealthy.
 p - the amulet of Wuock (around neck) {Spirit rPois Str+3}
   (You bought it in a shop in the Dungeon)

   [amulet of guardian spirit]

   It causes incoming damage to be split between your health and magic.
   It affects your strength (+3).
   It protects you from poison.
Wands
 k - a wand of acid (5)
 l - a wand of iceblast (5)
Scrolls
 i - 4 scrolls of blinking
 m - 3 scrolls of fog
Potions
 d - a potion of curing
 e - 4 potions of heal wounds
 f - 4 potions of haste
 g - 2 potions of magic
 h - a potion of berserk rage
 j - a potion of resistance
Comestibles
 c - a ration
 q - 3 chunks of flesh


   Skills:
 + Level 4.1 Fighting
 + Level 4.1 Long Blades
 * Level 0.1 Throwing
 + Level 2.6 Armour
 + Level 2.3 Dodging


You couldn't memorise any spells.
You didn't know any spells.

Dungeon Overview and Level Annotations

Branches:
Dungeon (1/1)

Altars:
Dithmenos
Fedhas
Gozag
Kikubaaqudgha
Makhleb
Okawaru
Qazlal
Ru
Sif Muna
Trog
Uskayaw
Vehumet
Wu Jian
Xom
The Shining One
Beogh
Jiyva
Lugonu

Shops:
D *[%???:(!!!!


Innate Abilities, Weirdness & Mutations

Shadows flee at your approach. (+LOS)
You can swim through water.
You cover ground slowly.
You can hop short distances.


Message History

The adder is heavily wounded.
The leopard gecko bites you. The adder closely misses you.
The leopard gecko barely misses you.
You miss the adder.
The adder is heavily wounded.
The adder misses you. The leopard gecko bites you.
* * * LOW HITPOINT WARNING * * *
Unknown command.
The leopard gecko closely misses you. The adder bites you.
* * * LOW HITPOINT WARNING * * *
The leopard gecko barely misses you.
Found an ancient bone altar of Kikubaaqudgha.
A red film seems to cover your vision as you go berserk!
You feel yourself moving faster!
You feel mighty!
You feel a lot more hungry. The adder bites you.
* * * LOW HITPOINT WARNING * * *
The leopard gecko bites you.
* * * LOW HITPOINT WARNING * * *
The adder bites you.
You die...

###.........###
#⌠...........⌠#
#####.8.........8.######
∩__.......###.......__∩##
........8.# #.8........∩#
..........###............
.......###...###.........
.......# #.<.# #lS.......
.......# #...# #@........
..........###............
........8.# #.8........∩#
∩___......# #......___∩##
#####.8.........8.######
#⌠...........⌠#
###.........### #
......._# ......._


You could see an adder and a leopard gecko.

Vanquished Creatures
  A ball python (D)
  A frilled lizard (D)
2 creatures vanquished.

Notes
Turn   | Place    | Note
-------+----------+-------------------------------------------
     0 | D        | Psiloshibe the Barachi Berserker began the quest for the Orb.
     0 | D        | Reached XP level 1. HP: 18/18 MP: 1/1
     0 | D        | Found a radiant altar of Vehumet.
     0 | D        | Found a roughly hewn altar of Beogh.
     3 | D        | Found a stormy altar of Qazlal.
     3 | D        | Found a hide-covered altar of Uskayaw.
     3 | D        | Found a burning altar of Makhleb.
     4 | D        | Found a corrupted altar of Lugonu.
     4 | D        | Found an iron altar of Okawaru.
     5 | D        | Found Vocaewuo's Delicious Food.
     5 | D        | Found an opulent altar of Gozag.
     5 | D        | Found Basmiuh's Identification Station.
     5 | D        | Found a glowing golden altar of the Shining One.
     5 | D        | Round 1.
     6 | D        | Found Weahomua's Jewellery.
     6 | D        | Found Lobocvoe's Advanced Armour.
     6 | D        | Found a bloodstained altar of Trog.
     6 | D        | Found a shadowy altar of Dithmenos.
     6 | D        | Found a viscous altar of Jiyva.
    16 | D        | Bought a smoking platinum ring for 45 gold pieces
    16 | D        | Bought a vibrating pewter ring for 45 gold pieces
    16 | D        | Bought a shimmering ruby amulet for 45 gold pieces
    16 | D        | Identified the amulet of Wuock {Spirit rPois Str+3} (You bought it in a shop in the Dungeon)
    17 | D        | Identified the ring of Fimucvati {+Inv +Fly rF+++ MR+ Str-2} (You bought it in a shop in the Dungeon)
    18 | D        | Identified the ring of Nuex {Wiz rElec MR+ Dex-3 Stlth+} (You bought it in a shop in the Dungeon)
    30 | D        | Found Ushrihorr's Magic Scroll Shop.
    31 | D        | Found Sulaun Xeivu's Staff Store.
    32 | D        | Found Vuemuit's Magic Scroll Shop.
    32 | D        | Found Detileun's Must-Have Magic.
    38 | D        | Found a deep blue altar of Sif Muna.
    39 | D        | Found a shimmering altar of Xom.
    40 | D        | Found Caiwk's Distillery.
    40 | D        | Found an ornate altar of the Wu Jian Council.
    40 | D        | Found a sacrificial altar of Ru.
    40 | D        | Found a blossoming altar of Fedhas.
    40 | D        | Found Pumiyqux's Do-It-Yourself Clinic.
    41 | D        | Found Nuekhleoj's Distillery.
    41 | D        | Found Waell's Bottled Wisdom.
    51 | D        | Found an ancient bone altar of Kikubaaqudgha.
    52 | D        | HP: 1/28 [leopard gecko (3)]
    52 | D        | Slain by an adder

Skill      XL: |  1 |
---------------+----+-----
Fighting       | 4 |  4.1
Long Blades    | 4 |  4.1
Throwing       | |  0.1
Armour         | |  2.6
Dodging        | |  2.3

Action                   || total
-------------------------++-------
Melee: Falchion          ||     7
Invok: Berserk           ||     1
Armor: Animal skin       ||     1
Dodge: Dodged            ||    16
       Rpst.: Falchion   ||     2
